 Dungeon Crawl Stone Soup version 0.27-a0-681-g0c81a3c1c3 (webtiles) character file.

Game seed: 7052262054840586019

2 paulcouch347 the Chucker (level 1, -2/18 HPs)
             Began as a Minotaur Hunter on Mar 19, 2021.
             Slain by a kobold
             ... wielding a +0 club
              (5 damage)
             ... on level 2 of the Dungeon.
             The game lasted 00:01:31 (56 turns).

paulcouch347 the Chucker (Minotaur Hunter)            Turns: 56, Time: 00:01:32

Health: -2/18      AC:  3    Str: 16    XL:     1   Next: 25%
Magic:  0/0        EV: 11    Int:  8    God:
Gold:   0          SH:  0    Dex: 10    Spells: 0/0 levels left

rFire    . . .     SeeInvis .   a - +0 short sword
rCold    . . .     Faith    .   (no shield)
rNeg     . . .     Spirit   .   b - +0 leather armour
rPois    .         Reflect  .   (helmet restricted)
rElec    .         Harm     .   (no cloak)
rCorr    .         Rampage  .   (no gloves)
Will     .....                  (no boots)
Stlth    +.........             (no amulet)
HPRegen  0.06/turn              (no ring)
MPRegen  0.07/turn              (no ring)

@: no status effects
A: horns 2, retaliatory headbutt
a: no special abilities


You were on level 2 of the Dungeon.
You visited 1 branch of the dungeon, and saw 2 of its levels.

Inventory:

Hand Weapons
 a - a +0 short sword (weapon)
Missiles
 c - 6 javelins (quivered)
 d - 2 throwing nets
Armour
 b - a +0 leather armour (worn)


   Skills:
 + Level 2.6 Fighting
 + Level 4.0 Throwing
 + Level 2.1 Dodging
 + Level 0.7 Stealth


You couldn't memorise any spells.
You didn't know any spells.
Your spell library was empty.

Dungeon Overview and Level Annotations

Branches:
Dungeon (1/15)

Altars:


Innate Abilities, Weirdness & Mutations

You have a pair of horns on your head.
You reflexively headbutt those who attack you in melee.


Message History

The dart slug launches a dart at you. The slug dart misses you.
The quokka barely misses you. The goblin misses you.
You closely miss the quokka. Your headbutt misses the quokka.
The quokka closely misses you. The goblin hits you with a +0 dagger.
The quokka bites you.
You completely miss the dart slug. The goblin misses you.
The quokka bites you but does no damage.
The dart slug bites you but does no damage.
You hit the dart slug.
The dart slug is moderately wounded.
The goblin closely misses you. You furiously retaliate!
You headbutt the goblin!
You kill the goblin!
The quokka bites you but does no damage.
The dart slug launches a dart at you. The slug dart hits you.
The quokka barely misses you.
The dart slug bites you but does no damage.
The quokka barely misses you. You furiously retaliate!
You headbutt the quokka!
You kill the quokka!
The dart slug bites you but does no damage.
Unknown command.
You hit the dart slug.
The dart slug is severely wounded.
The dart slug launches a dart at you. The slug dart hits you.
You are too injured to fight recklessly!
The dart slug launches a dart at you. The slug dart hits you.
* * * LOW HITPOINT WARNING * * *
You are too injured to fight recklessly!
You are too injured to fight recklessly!
You are too injured to fight recklessly!
The dart slug barely misses you.
A kobold comes into view. It is wielding a +0 club.
An adder comes into view.
The adder hisses angrily.
The kobold hits you with a +0 club.
You die...

####......## #..#
.###.#.....####..#######...
...........................
##.#.##.....##..w#..####...
#... #...#....#.##..# ....
#...##......##.# ####
#####..#....# ..#
#.###...###..# .$.
#.@...S.... .# #.K........
#........... .....#.#..
##.##...... .. ##.#.# ..
...# ... ..


You could see an adder, a dart slug and a kobold.

Vanquished Creatures
  A quokka (D:2)
  A goblin (D:2)
2 creatures vanquished.

Notes
Turn   | Place    | Note
-------+----------+-------------------------------------------
     0 | D:1      | paulcouch347 the Minotaur Hunter began the quest for the
                  | Orb.
     0 | D:1      | Reached XP level 1. HP: 18/18 MP: 0/0
     8 | D:1      | You fall into a shaft and drop 1 floor!
    56 | D:2      | Slain by a kobold

Illustrated notes

Levels and vault maps discovered:
D:1:      dpeg_arrival_rooms_a, layout_loops_ring,
          wander_ebering_terrifying_dragon_lair
D:2:      layout_rooms, nicolae_ru_the_path_less_chosen, marbit_many_paths,
          uniq_robin, uniq_terence, uniq_sigmund

Action                   || total
-------------------------++-------
Melee: Short sword       ||     4
Armor: Leather armour    ||     5
Dodge: Dodged            ||     9

Table legend: (Time is in decaauts)
 A = Elapsed time spent in this place.
 B = Non-inter-level travel time spent in this place.
 C = Inter-level travel time spent in this place.
 D = Time resting spent in this place.
 E = Time spent auto-exploring this place.
 F = Levels seen in this place.
 G = Mean time per level.
                   A        B        C        D        E       F      G
               +--------+--------+--------+--------+--------+-----+--------+
         Total |     56 |     56 |      0 |      0 |      0 |   2 |   28.0 |
       Dungeon |     56 |     56 |      0 |      0 |      0 |   2 |   28.0 |
               +--------+--------+--------+--------+--------+-----+--------+

Top non-repeatable levels by time:
     D:2: 48 daAuts
     D:1: 8 daAuts
